[Event "Team 45 45 League T24"]
[Site "Internet Chess Club"]
[Date "2004.10.14"]
[Round "6"]
[White "gk999"]
[Black "SandiaCaveMan"]
[Result "0-1"]
[WhiteElo "1357"]
[BlackElo "1290"]
[TimeControl "2700+45"]

1. e4 c5 2. Nf3 Nc6 3. Nc3 g6 4. Bc4 Bg7 5. h3 e6 6. O-O Nge7 7. Re1 d5 8. exd5
exd5 9. Bb5 O-O 10. Bxc6 Nxc6 11. d3 d4 12. Ne4 b6 13. Bf4 Re8 14. Rf1 Ne5 15.
Bxe5 Bxe5 16. Nxe5 Rxe5 17. Qd2 f5 18. Ng5 f4 19. Nf3 Rf5 20. Rfe1 Bb7 21. Qe2
Qf6 22. h4 Bxf3 23. Qxf3 Rf8 24. g3 fxg3 25. Qxg3 Rf3 26. Qg5 Qxg5+ 27. hxg5
Rxf2 28. Rac1 R2f5 29. Rf1 Rxg5+ 30. Kh1 Rgf5 31. Rxf5 Rxf5 32. Kg2 Kf7 33. Kg3
h5 34. Rh1 a5 35. a4 Kf6 36. Rh2 Ke6 37. Re2+ Kd5 38. Kh4 c4 39. dxc4+ Kxc4 40.
b3+ Kc3 41. Rg2 Rf4+ 42. Kh3 Rg4 43. Rf2 g5 44. Rf6 Kxc2 45. Rxb6 d3 46. Rb5 d2
47. Rc5+ Kxb3 48. Rb5+ Kxa4 49. Rd5 Kb3 50. Rxd2 a4 51. Rd3+ Kc2 52. Ra3 Kb2 53.
Rd3 a3 54. Rd2+ Kc3 55. Rf2 Kb4 56. Re2 Rc4 57. Rg2 Rc3+ 58. Kh2 Kb3 59. Rxg5 a2
60. Ra5 Kb2 61. Rb5+ Rb3 62. Rxh5 a1=Q 63. Rg5 Qc1 64. Rg2+ Ka3 65. Rg6 Qf4+ 66.
Kg2 Qe4+ 67. Kh2 Qxg6 68. Kh1 Rh3# {White checkmated} 0-1

[Event "Team 45 45 League T24"]
[Site "Internet Chess Club"]
[Date "2004.10.19"]
[Round "6"]
[White "WannaB"]
[Black "Gaffeltruck"]
[Result "0-1"]
[WhiteElo "1095"]
[BlackElo "1220"]
[TimeControl "2700+45"]

1. e4 e5 2. Nf3 Nc6 3. Bc4 g6 4. a3 Bg7 5. Ng5 Qxg5 6. O-O Qe7 7. b4 Nf6 8. d3
O-O 9. c3 d6 10. f4 Nd7 11. Ra2 Kh8 12. f5 Nb6 13. Bb5 Bd7 14. fxg6 fxg6 15.
Rxf8+ Rxf8 16. Rf2 Rxf2 17. Kxf2 Qf8+ 18. Kg1 a6 19. Bxc6 Bxc6 20. Nd2 Bh6 21.
Nf3 Bxc1 22. Qxc1 Qf4 23. Qxf4 exf4 24. Nd4 Bd7 25. Kf2 Na4 26. Nf3 Nxc3 27. Ng5
Kg7 28. Kf3 Nb1 29. Kxf4 Nxa3 30. Nf3 Nc2 31. e5 Nxb4 32. Ke4 Bf5+ 33. Kd4 Nxd3
34. exd6 cxd6 35. Kd5 b5 36. Kxd6 b4 37. Nd4 a5 38. Kc6 a4 39. Kb5 b3 40. Kxa4
b2 41. Nxf5+ gxf5 42. Ka3 b1=Q {White resigns} 0-1

[Event "Team 45 45 League T24"]
[Site "Internet Chess Club"]
[Date "2004.10.17"]
[Round "6"]
[White "SilverKnight"]
[Black "jericho121"]
[Result "0-1"]
[WhiteElo "1353"]
[BlackElo "1550"]
[TimeControl "2700+45"]

1. e4 c5 2. Nf3 Nc6 3. d3 d6 4. Nbd2 Nf6 5. g3 e6 6. Bg2 Be7 7. O-O O-O 8. Re1
Bd7 9. Nf1 h6 10. h3 Qc7 11. Bf4 e5 12. Bd2 Be6 13. Nh4 Qd7 14. Nh2 Bxh3 15.
Bxh3 Qxh3 16. Nf5 Rfe8 17. Re3 Qh5 18. Qxh5 Nxh5 19. Nxe7+ Rxe7 20. g4 Nf4 21.
c3 Re6 22. Nf3 Rg6 23. Nh2 h5 24. f3 f6 25. Be1 Kf7 26. Bh4 hxg4 27. Nxg4 Rh8
28. Bg3 Nh3+ 29. Kg2 Ng5 30. Rh1 Rxh1 31. Kxh1 Ne7 32. Kg2 Ng8 33. Re1 Nh6 34.
Bh4 Nxg4 35. fxg4 Ne6 36. Kf3 Rh6 37. Rh1 Nf4 38. Ke3 Ng2+ 39. Kf2 Nxh4 40. Kg3
Ng6 41. Rxh6 gxh6 42. Kh3 Nf4+ 43. Kh4 Nxd3 {White resigns} 0-1

[Event "Team 45 45 League T24"]
[Site "Internet Chess Club"]
[Date "2004.10.17"]
[Round "6"]
[White "allanmckie"]
[Black "fuzzface"]
[Result "0-1"]
[WhiteElo "1306"]
[BlackElo "1365"]
[TimeControl "2700+45"]

1. e4 e5 2. Bc4 c5 3. Qf3 Qf6 4. Nh3 h6 5. Nc3 Qxf3 6. gxf3 Nc6 7. f4 Nf6 8. Nb5
Kd8 9. Bxf7 a6 10. Nc3 d6 11. f5 Nd4 12. Kd1 Nxe4 13. d3 Nf6 14. Nd5 Nxd5 15.
Bxd5 Nxf5 16. Ng1 Ra7 17. Bd2 b6 18. h4 Bb7 19. Be4 Bxe4 20. dxe4 Nd4 21. a4 Rf7
22. Be3 Nf3 23. a5 b5 24. Ra3 Be7 25. Nxf3 Rxf3 26. b4 Kc8 27. bxc5 dxc5 28. Rd3
Rd8 29. Rd5 Rxd5+ 30. exd5 Kd7 31. Ke2 Rf7 32. Kd3 Kd6 33. Ke4 Bd8 34. Rg1 g5
35. f3 gxh4 36. Bxh6 h3 37. Rh1 Bxa5 38. Rxh3 Rf6 39. Bg7 Rf4+ 40. Ke3 Kxd5 41.
Bxe5 Kxe5 42. Rh5+ Rf5 43. f4+ Kf6 44. Rh6+ Kg7 45. Rxa6 Bc7 46. Ra7 Rf7 47. f5
Bf4+ 48. Kxf4 Rxa7 49. Kg5 Kf7 {White resigns} 0-1

[Event "Team 45 45 League T24"]
[Site "Internet Chess Club"]
[Date "2004.10.18"]
[Round "6"]
[White "klt713"]
[Black "Kurtosis"]
[Result "1-0"]
[WhiteElo "1230"]
[BlackElo "1242"]
[TimeControl "2700+45"]

1. d4 Nf6 2. Nf3 g6 3. Bg5 Bg7 4. Nc3 d5 5. e3 O-O 6. Bd3 Nbd7 7. O-O c5 8. Bb5
c4 9. Bxd7 Bxd7 10. Bxf6 Bxf6 11. Nxd5 Bg7 12. Re1 Bf5 13. Nc3 Qb6 14. Rb1 Rfd8
15. Qe2 Rac8 16. h3 h5 17. e4 Be6 18. d5 Bd7 19. Red1 Qa5 20. Qe3 Qc5 21. Qf4
Qa5 22. Ne5 g5 23. Qxf7+ Kh8 24. Qxh5+ Kg8 25. Qf7+ Kh7 26. Qg6+ Kh8 27. Nf7+
Kg8 28. Nxd8 Qxd8 29. Qxg5 e6 30. Qg3 exd5 31. Nxd5 Kh8 32. Nf4 Rc6 33. Rd5 Qe7
34. Ng6+ Rxg6 35. Qxg6 Be8 36. Rh5+ Kg8 37. Qh7+ Kf8 38. Rf5+ Bf7 39. Rd1 Bxb2
40. Rd8+ Qxd8 41. Qxf7# {Black checkmated} 1-0

[Event "Team 45 45 League T24"]
[Site "Internet Chess Club"]
[Date "2004.10.18"]
[Round "6"]
[White "DayDream01"]
[Black "ffplayer"]
[Result "1-0"]
[WhiteElo "1121"]
[BlackElo "1033"]
[TimeControl "2700+45"]

1. d4 d5 2. c4 e6 3. Nc3 Nf6 4. Nf3 Nc6 5. Qa4 Be7 6. Bg5 O-O 7. Bxf6 Bxf6 8. c5
Bd7 9. e3 Ne7 10. Qb3 b6 11. Bd3 bxc5 12. dxc5 Bxc3+ 13. Qxc3 c6 14. O-O a5 15.
Qc2 Ng6 16. Rfe1 Be8 17. a3 Rb8 18. e4 Qf6 19. Rab1 Ne5 20. exd5 Nxd3 21. Qxd3
cxd5 22. Ne5 Qe7 23. c6 Rc8 24. Rbc1 f6 25. Qa6 fxe5 26. Qxc8 Qf6 27. Qa6 Qxf2+
28. Kh1 Bxc6 29. Qxc6 h6 30. Qxe6+ Kh7 31. Qxd5 Qxb2 32. h3 Qxa3 33. Qxe5 Rf7
34. Qe8 Qa2 35. Rf1 Rxf1+ 36. Rxf1 a4 37. Rf7 Qa1+ 38. Kh2 a3 39. Qe4+ Kg8 40.
Qg6 a2 41. Qe6 Qb2 42. Ra7+ Kh7 43. Rxa2 Qb8+ 44. g3 Qb7 45. h4 Qf3 46. Ra5 Qf2+
47. Kh3 Qf1+ 48. Kg4 Qd1+ 49. Kf5 Qf1+ 50. Kg4 Qc4+ 51. Qxc4 {Black resigns} 1-0

[Event "Team 45 45 League T24"]
[Site "Internet Chess Club"]
[Date "2004.10.15"]
[Round "6"]
[White "camembert"]
[Black "siddhu"]
[Result "1/2-1/2"]
[WhiteElo "1856"]
[BlackElo "1823"]
[TimeControl "2700+45"]

1. e4 e5 2. f4 exf4 3. Nf3 d5 4. exd5 Nf6 5. Bc4 Qe7+ 6. Be2 Nxd5 7. O-O Qd8 8.
c4 Nf6 9. d4 c5 10. d5 Bd6 11. Nc3 O-O 12. Qc2 Bg4 13. Ng5 Bxe2 14. Nxe2 h6 15.
Ne4 Nxe4 16. Qxe4 Re8 17. Qc2 Qe7 18. Nxf4 Bxf4 19. Bxf4 Qe4 20. Qf2 Qxc4 21.
Bxb8 Raxb8 22. Qxf7+ Kh8 23. b3 Qd4+ 24. Kh1 Rf8 25. Qxf8+ Rxf8 26. Rxf8+ Kh7
27. Raf1 Qxd5 28. R8f5 Qd3 29. R5f2 b5 30. Rc1 c4 31. bxc4 bxc4 32. Rfc2 Qa3 33.
Rxc4 Qxa2 34. h3 a5 35. R4c2 Qb3 36. Rc3 Qb2 37. R3c2 Qb3 38. Re2 Qd3 39. Ra2
Qd5 40. Rca1 Qb3 41. Rxa5 Qc3 42. Ra7 Qd4 43. R7a4 Qc3 44. Rf1 Qd3 45. Raf4 Qd2
46. h4 Qd6 47. Rf7 Qd4 48. g3 Qe4+ 49. Kh2 Qe2+ 50. R1f2 Qe6 51. h5 Qe5 52. R7f5
Qe6 53. R2f4 Qe2+ 54. Kh3 Qe6 55. Kh4 Qe7+ 56. Kg4 Qe6 57. Kf3 Qb3+ 58. Kg2 Qc2+
59. Rf2 Qc6+ 60. Kh2 Qe6 61. g4 Qd6+ 62. Kh3 Qd3+ 63. R5f3 Qd1 64. Re3 Qh1+ 65.
Kg3 Qg1+ 66. Kf3 Qd1+ 67. Kg2 Qxg4+ 68. Rg3 Qxh5 69. Rh3 Qd5+ 70. Kg1 Qd4 71.
Kg2 Qe4+ 72. Kg1 Qg4+ 73. Kh2 g5 74. Rg2 {Game drawn by mutual agreement}
1/2-1/2

[Event "Team 45 45 League T24"]
[Site "Internet Chess Club"]
[Date "2004.10.14"]
[Round "6"]
[White "clarnibass"]
[Black "jmoffitt"]
[Result "1-0"]
[WhiteElo "1680"]
[BlackElo "1645"]
[TimeControl "2700+45"]

1. e4 c5 2. Nf3 d6 3. d4 cxd4 4. Qxd4 Nc6 5. Bb5 Bd7 6. Bxc6 bxc6 7. c4 Nf6 8.
Nc3 g6 9. b3 Bg7 10. Bb2 O-O 11. O-O Qa5 12. e5 Ng4 13. Qd3 Bf5 14. Qe2 Nxe5 15.
Nxe5 Bxe5 16. Na4 Bxb2 17. Nxb2 e6 18. g4 Bxg4 19. Qxg4 d5 20. Rfd1 Qc3 21. Qe2
Rfd8 22. Rac1 Qf6 23. Nd3 d4 24. Qe5 Qh4 25. Qg3 Qe4 26. Re1 Qf5 27. Re5 Qf6 28.
Qf4 Qe7 29. Rce1 h6 30. Qxh6 Qa3 31. R5e2 a5 32. Ne5 d3 33. Nxg6 fxg6 34. Qxg6+
Kh8 35. Qf6+ Kg8 36. Qxe6+ Kh8 37. Qf6+ Kg8 38. Re7 Qxe7 39. Rxe7 d2 40. Qg7#
{Black checkmated} 1-0

[Event "Team 45 45 League T24"]
[Site "Internet Chess Club"]
[Date "2004.10.17"]
[Round "6"]
[White "Lothar"]
[Black "tjet"]
[Result "1/2-1/2"]
[WhiteElo "1540"]
[BlackElo "1690"]
[TimeControl "2700+45"]

1. d4 d6 2. e4 Nf6 3. Nc3 e5 4. dxe5 dxe5 5. Qxd8+ Kxd8 6. Bg5 Bb4 7. O-O-O+ Bd6
8. Nd5 Nd7 9. Bc4 Ke8 10. f3 h6 11. Be3 Nxd5 12. Bxd5 f6 13. Ne2 Nb6 14. Bb3 Ke7
15. f4 Bg4 16. fxe5 Bxe5 17. Bc5+ Bd6 18. Bxd6+ cxd6 19. Rd2 Bxe2 20. Rxe2 Rhd8
21. Rd1 Rac8 22. Rd4 Rc5 {Game drawn by mutual agreement} 1/2-1/2

[Event "Team 45 45 League T24"]
[Site "Internet Chess Club"]
[Date "2004.10.17"]
[Round "6"]
[White "Poet-Laureate"]
[Black "trevor21"]
[Result "0-1"]
[WhiteElo "1864"]
[BlackElo "2192"]
[TimeControl "2700+45"]

1. g3 e6 2. Bg2 d5 3. e3 Nf6 4. Ne2 c5 5. O-O Nc6 6. c3 Be7 7. d4 b6 8. Nd2 a5
9. Nf3 Ba6 10. Re1 O-O 11. Qc2 Rc8 12. Nf4 Bd6 13. Bf1 Bxf1 14. Rxf1 Bxf4 15.
gxf4 cxd4 16. Nxd4 Nxd4 17. exd4 Nh5 18. Kh1 Qf6 19. Qd2 b5 20. Rg1 Rc4 21. Rg5
g6 22. Qe3 Ng7 23. Qe5 Qe7 24. Rg4 b4 25. Bd2 bxc3 26. Bxc3 a4 27. a3 Rfc8 28.
Rag1 Nf5 29. Re1 Qc7 30. Qf6 Rxc3 31. bxc3 Qxc3 32. Rxe6 Qf3+ {White resigns}
0-1

[Event "Team 45 45 League T24"]
[Site "Internet Chess Club"]
[Date "2004.10.16"]
[Round "6"]
[White "nursey"]
[Black "DidntSeeIt"]
[Result "0-1"]
[WhiteElo "1687"]
[BlackElo "1782"]
[TimeControl "2700+45"]

1. e4 c5 2. Nf3 e6 3. d4 cxd4 4. Nxd4 Nf6 5. Nc3 Bb4 6. Bg5 Bxc3+ 7. bxc3 h6 8.
Bxf6 Qxf6 9. Qf3 Qxf3 10. Nxf3 b6 11. Rd1 Bb7 12. e5 Bxf3 13. gxf3 Nc6 14. f4
Rc8 15. Bg2 Ne7 16. Kd2 Ng6 17. Bb7 Rc4 18. Rhg1 Rxf4 19. Ke3 Rc4 20. Kd2 O-O
21. Rde1 Rh4 22. Ke3 Rxh2 23. Kf3 Rh5 24. Rh1 Rxh1 25. Rxh1 Nxe5+ 26. Ke4 f6 27.
Rh3 d5+ 28. Kd4 Rf7 29. Ba6 Ng4 30. f3 Ne5 31. c4 Nxc4 32. Bxc4 dxc4 33. Kxc4
Rc7+ 34. Kd3 Rc5 35. a3 Kh7 36. c3 g5 37. a4 Kg6 38. Rh2 h5 39. Kd4 e5+ 40. Kd3
g4 41. Rg2 f5 42. Kc2 Kg5 43. Kb3 Kf4 44. Rh2 g3 45. Rxh5 g2 {White resigns} 0-1

[Event "Team 45 45 League T24"]
[Site "Internet Chess Club"]
[Date "2004.10.16"]
[Round "6"]
[White "NFK"]
[Black "GameMaster"]
[Result "1-0"]
[WhiteElo "1808"]
[BlackElo "1712"]
[TimeControl "2700+45"]

1. e4 c5 2. d4 cxd4 3. c3 dxc3 4. Nxc3 d6 5. Bc4 Nf6 6. e5 Qc7 7. Bb5+ Nfd7 8.
exd6 Qxd6 9. Qxd6 exd6 10. Nd5 Kd8 11. Nf3 Nb6 12. Nxb6 axb6 13. Be3 Kc7 14. O-O
Nc6 15. Rfc1 Bd7 16. Ng5 f6 17. Nf3 Be7 18. Nd4 d5 19. a3 Bc5 20. Bf4+ Bd6 21.
Bxd6+ Kxd6 22. Nb3 Na5 23. Nxa5 bxa5 24. Be2 Rac8 25. Bf3 Rxc1+ 26. Rxc1 Bc6 27.
Rd1 Re8 28. g3 Rd8 29. b4 axb4 30. axb4 Kc7 31. Re1 d4 32. Bxc6 bxc6 33. Kf1 Kb6
34. Re6 Rd5 35. f4 Rb5 36. Ke2 Rxb4 37. Kd3 Kb5 38. Re7 c5 39. Rb7+ Ka4 40. Ra7+
Kb3 41. Rxg7 Kb2 42. Rc7 Rb3+ 43. Kd2 Rb5 44. g4 Kb3 45. Kd3 Ra5 46. Rb7+ Ka3
47. Rxh7 Rb5 48. Ra7+ Kb2 49. h4 Rb3+ 50. Kd2 c4 51. Rc7 c3+ 52. Kd1 c2+ 53.
Rxc2+ Ka3 54. Rc6 d3 55. Rd6 Kb4 56. Rb6+ Kc3 57. Rxb3+ Kxb3 58. Kd2 Kc4 59. h5
{Black resigns} 1-0

[Event "Team 45 45 League T24"]
[Site "Internet Chess Club"]
[Date "2004.10.16"]
[Round "6"]
[White "mal57"]
[Black "SkatingBishop"]
[Result "0-1"]
[WhiteElo "1480"]
[BlackElo "1713"]
[TimeControl "2700+45"]

1. e4 e5 2. Nc3 Nf6 3. Nf3 Nc6 4. Be2 Be7 5. d3 O-O 6. d4 exd4 7. Nxd4 Bb4 8. a3
Bxc3+ 9. bxc3 Nxe4 10. Qd3 d5 11. O-O Ne5 12. Qe3 Re8 13. Nf3 Nxf3+ 14. Qxf3
Nxc3 15. Bd3 Ne4 16. c3 Qf6 17. Bxe4 Rxe4 18. Qxf6 gxf6 19. Bh6 Bd7 20. f3 Re2
21. Rad1 Be6 22. f4 f5 23. Rf3 f6 24. Rg3+ Kf7 25. Rg7+ Ke8 26. Rxh7 Rc8 27. Rf1
Re3 28. Rc1 Bf7 29. Kf2 Re4 30. Bg7 Ke7 31. Bh6 Ke6 32. Rb1 b6 33. Rg1 Rd8 34.
Rd1 c5 35. Bg7 Rxf4+ 36. Kg1 Rg8 37. Bh8 Rfg4 38. g3 f4 39. Re1+ Kf5 40. Rf1 Kg6
41. Rh3 Be6 42. Kg2 d4 43. cxd4 cxd4 44. Rd1 Kf5 45. Re1 Bd5+ 46. Kf2 fxg3+ 47.
hxg3 Bc4 48. Rh2 Rxg3 49. Rh5+ R3g5 50. Rh2 Rg4 51. Re7 Rf4+ 52. Ke1 Re4+ 53.
Rxe4 Kxe4 54. Bxf6 Rg4 55. Rd2 Ke3 56. Bxd4+ Rxd4 57. Rg2 Rf4 58. Rg3+ Rf3 59.
Rg1 b5 60. Kd1 Rf1+ 61. Rxf1 Bxf1 62. Kc2 Kd4 63. Kb3 Kc5 64. a4 Bc4+ 65. Ka3
b4+ 66. Kb2 Kb6 {White resigns} 0-1

[Event "Team 45 45 League T24"]
[Site "Internet Chess Club"]
[Date "2004.10.18"]
[Round "6"]
[White "Grayth"]
[Black "clarinetref"]
[Result "1-0"]
[WhiteElo "1398"]
[BlackElo "1440"]
[TimeControl "2700+45"]

1. e4 c5 2. Nf3 Nc6 3. d4 cxd4 4. Bc4 g6 5. O-O Bg7 6. c3 Qc7 7. a3 e6 8. Re1
Nge7 9. Ba2 O-O 10. cxd4 d6 11. Be3 b6 12. Nc3 Bb7 13. Qd2 Rfd8 14. d5 exd5 15.
exd5 Ne5 16. Nxe5 dxe5 17. Rac1 Rd6 18. Nb5 Qd7 19. Nxd6 Qxd6 20. Qb4 Qf6 21.
Rc7 Bxd5 22. Qxe7 Qxe7 23. Rxe7 Bxa2 24. Rc1 Bf8 25. Rec7 Be6 26. Kf1 Kg7 27.
Ke2 Bd6 28. R7c6 Rd8 29. Rd1 Be7 30. Rc7 Bf6 31. Rxa7 e4 32. Rxd8 Bxd8 33. Bd4+
Kh6 34. Ke3 f5 35. f4 exf3 36. gxf3 b5 37. Rb7 Bc4 38. b3 Bxb3 39. Rxb5 Bc2 40.
Kd2 Ba4 41. Rd5 Bg5+ 42. Be3 f4 43. Bd4 Bc6 44. Rd6 Bxf3 45. a4 Kh5 46. Bf6 Bxf6
47. Rxf6 g5 48. Ke1 h6 49. Kf2 Bd1 50. a5 g4 51. Rxf4 Kg5 52. Rd4 Bf3 53. a6 h5
54. a7 h4 55. Rd3 Ba8 56. Rd8 Bb7 57. a8=Q Bxa8 58. Rxa8 Kf4 59. Ra4+ Kg5 60.
Kg2 Kh5 61. h3 g3 62. Kf3 Kg5 63. Ra5+ Kh6 64. Kg4 g2 65. Ra1 Kg6 66. Rg1 Kh6
67. Rxg2 {Black resigns} 1-0

[Event "Team 45 45 League T24"]
[Site "Internet Chess Club"]
[Date "2004.10.16"]
[Round "6"]
[White "MikePetska"]
[Black "hotzoddy"]
[Result "1-0"]
[WhiteElo "1302"]
[BlackElo "1253"]
[TimeControl "2700+45"]

1. e4 e6 2. d4 d5 3. e5 c5 4. c3 Nc6 5. Nf3 Qb6 6. b4 cxb4 7. cxb4 Bxb4+ 8. Bd2
Nxd4 9. Nxd4 Qxd4 10. Bb5+ Bd7 11. Bxd7+ Kxd7 12. Bxb4 Qxe5+ 13. Qe2 Qxa1 14.
O-O Ne7 15. Qb5+ Nc6 16. Qxb7+ Ke8 17. Qxc6+ Kd8 18. Qxa8+ Kd7 19. Qxa7+ Kc6 20.
Qc5+ Kb7 21. Qb5+ Ka8 22. Qc6+ Kb8 23. Nc3 Qb2 24. Bd6+ Ka7 25. Qa4+ Kb7 26. Rb1
Qxb1+ 27. Nxb1 Ra8 28. Qd7+ Ka6 29. Qc6+ Ka7 30. Nc3 Rb8 31. Bxb8+ Kxb8 32. Nb5
f5 33. Qc7+ Ka8 34. Qa7# {Black checkmated} 1-0

[Event "Team 45 45 League T24"]
[Site "Internet Chess Club"]
[Date "2004.10.16"]
[Round "6"]
[White "slakkjaw"]
[Black "jaymel"]
[Result "1-0"]
[WhiteElo "1265"]
[BlackElo "1191"]
[TimeControl "2700+45"]

1. d4 d5 2. c4 Nf6 3. Nc3 dxc4 4. Bf4 Nc6 5. a3 e5 6. dxe5 Qxd1+ 7. Rxd1 Ng4 8.
Nf3 Bc5 9. e3 O-O 10. Bxc4 Na5 11. Be2 Nb3 12. h3 Bf5 13. hxg4 Bc2 14. Rd5 Bb6
15. Bc4 Nc1 16. e6 c6 17. Rd2 Bb3 18. Bxb3 Nxb3 19. Rd7 fxe6 20. Be5 Rf7 21.
Rxf7 Kxf7 22. Rxh7 Rg8 23. Ng5+ Ke8 24. Nxe6 g5 25. Ne4 Ba5+ 26. Kd1 {Black
resigns} 1-0

[Event "Team 45 45 League T24"]
[Site "Internet Chess Club"]
[Date "2004.10.18"]
[Round "6"]
[White "Blake7"]
[Black "BosqueVerde"]
[Result "1-0"]
[WhiteElo "1504"]
[BlackElo "1219"]
[TimeControl "2700+45"]

1. e4 e6 2. d4 d5 3. Bd3 c5 4. c3 Nc6 5. Ne2 Qb6 6. O-O Bd7 7. Bc2 Nge7 8. b3
cxd4 9. cxd4 Nb4 10. e5 Bb5 11. Nbc3 Rc8 12. Nxb5 Qxb5 13. Bb1 Nf5 14. Bxf5 exf5
15. Bg5 Nd3 16. Qd2 Bb4 17. Qe3 O-O 18. a3 Bc3 19. Rab1 h6 20. Be7 Rfe8 21. Bd6
Rc6 22. Rfd1 f4 23. Qf3 Nb2 24. Rdc1 Qxb3 25. Nxc3 Rec8 26. Ne2 Nd3 27. Rd1 a5
28. Rxb3 Rc1 29. Nxc1 Nxc1 30. Rc3 Na2 31. Rxc8+ Kh7 32. Qxf4 b5 33. Qf5+ {Black
resigns} 1-0

[Event "Team 45 45 League T24"]
[Site "Internet Chess Club"]
[Date "2004.10.14"]
[Round "6"]
[White "bubbarook"]
[Black "tekdeth"]
[Result "1-0"]
[WhiteElo "1322"]
[BlackElo "1300"]
[TimeControl "2700+45"]

1. Nf3 d5 2. d4 Nd7 3. c3 Ngf6 4. Bg5 e6 5. e3 Be7 6. Bd3 O-O 7. Qc2 Ne4 8. Bxe7
Qxe7 9. Bxe4 f5 10. Bd3 Rf6 11. Nbd2 Rg6 12. Rg1 c5 13. c4 Nb6 14. Ne5 Rh6 15.
Ndf3 a5 16. g4 Nxc4 17. Nxc4 dxc4 18. Qxc4 b6 19. Qc2 cxd4 20. gxf5 Ba6 21. Nxd4
Bxd3 22. Qxd3 Qb4+ 23. Qd2 exf5 24. Qxb4 axb4 25. Rg2 Rf6 26. f4 g6 27. b3 Re8
28. Ke2 h5 29. Rag1 Kh7 30. Kf3 Kh6 31. Rc1 Rg8 32. Rc6 Rxc6 33. Nxc6 g5 34.
fxg5+ Rxg5 35. Rxg5 Kxg5 36. Nxb4 Kh4 37. Kg2 Kg4 38. h3+ Kh4 39. a4 Kg5 40. Nc6
f4 41. exf4+ Kxf4 42. a5 bxa5 43. Nxa5 Ke4 44. Kg3 Kd4 45. Kh4 Kc5 46. Kxh5 Kb5
47. Kg6 Kxa5 48. Kg7 Kb4 49. h4 Kxb3 50. h5 Kc4 51. h6 Kd5 52. h7 Ke6 53. h8=Q
{Black resigns} 1-0

[Event "Team 45 45 League T24"]
[Site "Internet Chess Club"]
[Date "2004.10.16"]
[Round "6"]
[White "WFrankD"]
[Black "EyeAm"]
[Result "0-1"]
[WhiteElo "1326"]
[BlackElo "1259"]
[TimeControl "2700+45"]

1. d4 f5 2. c4 Nf6 3. Nc3 e6 4. Bg5 Bb4 5. e3 Bxc3+ 6. bxc3 b6 7. Bd3 Bb7 8. Nf3
O-O 9. O-O Qe8 10. Bxf6 Rxf6 11. Ne5 d6 12. Nf3 c5 13. Re1 Nd7 14. e4 fxe4 15.
Bxe4 Bxe4 16. Rxe4 Qg6 17. Qe2 Raf8 18. Re3 Qh6 19. Rf1 cxd4 20. cxd4 Re8 21.
Re4 Qg6 22. Nh4 Qf7 23. d5 e5 24. Nf3 Qh5 25. Rh4 Qg6 26. Qe4 Nc5 27. Qxg6 Rxg6
28. Re1 Nd3 29. Ree4 Nb4 30. a3 Nc2 31. a4 Nb4 32. Kf1 Nd3 33. Ke2 Nc5 34. Reg4
Rxg4 35. Rxg4 Nxa4 36. Nh4 Rf8 37. Kd3 Nc5+ 38. Ke3 a5 39. f4 exf4+ 40. Rxf4
Rxf4 41. Kxf4 a4 42. Nf3 a3 43. Nd2 a2 44. Kf5 a1=Q 45. g4 Qf6# {White
checkmated} 0-1

[Event "Team 45 45 League T24"]
[Site "Internet Chess Club"]
[Date "2004.10.15"]
[Round "6"]
[White "houseofcook"]
[Black "Rojo"]
[Result "1-0"]
[WhiteElo "1349"]
[BlackElo "1179"]
[TimeControl "2700+45"]

1. Nf3 d5 2. g3 b6 3. Bg2 Bb7 4. O-O Nf6 5. d3 Nc6 6. Nbd2 e5 7. e4 d4 8. Nc4
Bd6 9. Nxd6+ Qxd6 10. Nh4 Ne7 11. f4 O-O 12. fxe5 Qxe5 13. Bf4 Qe6 14. Nf3 c5
15. Re1 Nc6 16. e5 Nd7 17. Ng5 Qe7 18. e6 fxe6 19. Rxe6 Qd8 20. Bd5 Kh8 21. Nxh7
Kxh7 22. Qh5+ {Black resigns} 1-0

[Event "Team 45 45 League T24"]
[Site "Internet Chess Club"]
[Date "2004.10.17"]
[Round "6"]
[White "fibin"]
[Black "Colonel-Klutz"]
[Result "1-0"]
[WhiteElo "1384"]
[BlackElo "1394"]
[TimeControl "2700+45"]

1. e4 Nf6 2. Nc3 c5 3. Nf3 e6 4. d4 d5 5. e5 Nfd7 6. Bb5 cxd4 7. Nxd4 Nc6 8.
Nxc6 bxc6 9. Bxc6 Rb8 10. O-O Ba6 11. Re1 Bc5 12. Nxd5 O-O 13. Bxd7 Qxd7 14.
Nf6+ {Black resigns} 1-0

[Event "Team 45 45 League T24"]
[Site "Internet Chess Club"]
[Date "2004.10.14"]
[Round "6"]
[White "Traho"]
[Black "markev"]
[Result "1-0"]
[WhiteElo "1313"]
[BlackElo "1231"]
[TimeControl "2700+45"]

1. e4 c5 2. Nf3 d6 3. Nc3 Bg4 4. h3 Be6 5. Bb5+ Bd7 6. Bxd7+ Nxd7 7. O-O e5 8.
d3 h6 9. Nd5 Nb6 10. c4 Nxd5 11. cxd5 Nf6 12. b3 Be7 13. Re1 b5 14. Bd2 Rc8 15.
Qe2 c4 16. bxc4 bxc4 17. dxc4 Qd7 18. Rec1 Qa4 19. Nh4 O-O 20. Nf5 Bd8 21. Nxd6
Rc7 22. Nb5 Rd7 23. f3 Bb6+ 24. Be3 Bxe3+ 25. Qxe3 Nh5 26. Qa3 Qxa3 27. Nxa3 a6
28. Kf2 Nf4 29. Rd1 Rb8 30. Rab1 Rc8 31. h4 f6 32. g3 Nh5 33. Rb6 Ra8 34. Rdb1
Kh7 35. Rc6 g5 36. hxg5 fxg5 37. Rbb6 Rf7 38. Rxh6+ Kg7 39. Rxh5 g4 40. Rg5+ Kh8
41. Rxg4 Raf8 42. Rh6+ Rh7 43. Rxh7+ Kxh7 44. Rg5 Rc8 45. Rxe5 Rb8 46. Ke3 Rb2
47. d6 Rxa2 48. Re7+ Kg6 49. d7 Rxa3+ 50. Kd4 Rxf3 51. d8=Q Kg5 52. Rf7+ Kg4 53.
Rxf3 Kxf3 54. Qa5 Kxg3 55. Qxa6 Kf4 56. Qe6 Kg5 57. Qf5+ Kh6 58. e5 Kg7 59. Qf1
Kg8 60. e6 Kh8 61. e7 Kg7 62. e8=R Kh7 63. Qf5+ Kg7 64. Qf7+ Kh6 65. Rh8+ Kg5
66. Qf1 Kg6 67. Rh1 Kg5 68. Rg1+ Kh6 69. Qh3# {Black checkmated} 1-0

[Event "Team 45 45 League T24"]
[Site "Internet Chess Club"]
[Date "2004.10.16"]
[Round "6"]
[White "liger"]
[Black "Ernesto-R"]
[Result "1-0"]
[WhiteElo "1198"]
[BlackElo "1139"]
[TimeControl "2700+45"]

1. e4 e5 2. Nf3 Nc6 3. Bc4 f6 4. Nc3 Nge7 5. d4 Na5 6. Bd3 Ng6 7. Bd2 c6 8. a3
Nf4 9. Bxf4 exf4 10. b4 b5 11. bxa5 Qxa5 12. Qd2 Bxa3 13. O-O Qb4 14. Rfb1 Qe7
15. Ne2 Bd6 16. Nxf4 O-O 17. c4 b4 18. c5 Bc7 19. Rxb4 a5 20. Rbb1 d6 21. Bc4+
Kh8 22. Re1 Bg4 23. Qe2 d5 24. exd5 Qxe2 25. Rxe2 Bxf3 26. Re7 Bxf4 27. gxf3
Rac8 28. Rxa5 Bc7 29. Ra7 Rfe8 30. Raxc7 Rxc7 31. Rxe8# {Black checkmated} 1-0

[Event "Team 45 45 League T24"]
[Site "Internet Chess Club"]
[Date "2004.10.17"]
[Round "6"]
[White "Tom45"]
[Black "Midwest-Rook"]
[Result "0-1"]
[WhiteElo "1151"]
[BlackElo "1414"]
[TimeControl "2700+45"]

1. e4 e5 2. Nf3 Nc6 3. Nc3 Bc5 4. Bc4 h6 5. O-O Nf6 6. d3 d6 7. h3 Na5 8. a3
Nxc4 9. dxc4 Be6 10. b3 a5 11. Rb1 c6 12. Qe2 d5 13. cxd5 cxd5 14. Qb5+ Nd7 15.
exd5 Bf5 16. Nxe5 Bd4 17. Nxd7 Bxd7 18. Qe2+ Kf8 19. Bd2 Qf6 20. Rbe1 Bxc3 21.
Bxc3 Qxc3 22. Qe7+ Kg8 23. Qxd7 Qxc2 24. Re8+ Rxe8 25. Qxe8+ Kh7 26. Qxf7 Qxb3
27. Qf5+ Kg8 28. Qe6+ Kh7 29. d6 Qxe6 30. Rd1 Rd8 {White resigns} 0-1

[Event "Team 45 45 League T24"]
[Site "Internet Chess Club"]
[Date "2004.10.18"]
[Round "6"]
[White "dibble"]
[Black "Lothar"]
[Result "0-1"]
[WhiteElo "1276"]
[BlackElo "1556"]
[TimeControl "2700+45"]

1. d4 Nf6 2. Nc3 d5 3. Bg5 e6 4. Nf3 Be7 5. Qd2 h6 6. Bf4 Nc6 7. a3 O-O 8. Bxh6
gxh6 9. Qxh6 Nh7 10. e4 Bg5 11. Nxg5 Qxg5 12. Qxg5+ Nxg5 13. O-O-O Nxe4 14. Nxe4
dxe4 15. Bb5 Ne7 16. g4 c6 17. Be2 b5 18. h4 Ng6 19. h5 Nf4 20. Rde1 Rd8 21. h6
Rxd4 22. h7+ Kh8 23. f3 Nxe2+ 24. Rxe2 exf3 25. Rf2 Rf4 26. g5 e5 27. Kd2 e4 28.
Ke3 Rg4 29. Rh5 Rg2 30. Rd2 Rxd2 31. Kxd2 f2 32. Ke2 Bg4+ {White resigns} 0-1

[Event "Team 45 45 League T24"]
[Site "Internet Chess Club"]
[Date "2004.10.14"]
[Round "6"]
[White "rickylr"]
[Black "dawgfish"]
[Result "1-0"]
[WhiteElo "1556"]
[BlackElo "1294"]
[TimeControl "2700+45"]

1. e4 d6 2. d4 Nf6 3. Nc3 g6 4. Be3 c6 5. Qd2 b5 6. Bd3 Nbd7 7. Nf3 Nb6 8. O-O
Ng4 9. d5 Nxe3 10. Qxe3 b4 11. Qd4 f6 12. Qxb4 a5 13. Qd4 c5 14. Bb5+ Bd7 15.
Bxd7+ Qxd7 16. Qd3 Na4 17. Nxa4 Qxa4 18. b3 Qd7 19. a4 Bg7 20. Qb5 Qxb5 21. axb5
O-O 22. c4 f5 23. Ra2 fxe4 24. Ng5 Rf4 25. Ne6 Be5 26. Nxf4 Bxf4 27. Re1 Be5 28.
Rxe4 h5 29. f4 Bf6 30. h3 Kh7 31. g4 hxg4 32. hxg4 g5 33. fxg5 Bxg5 34. Re6 Bf6
35. Kg2 Kg6 36. Kf3 Kg5 37. Ree2 Rh8 38. Rg2 Be5 39. Rxa5 e6 40. dxe6 Rf8+ 41.
Ke2 Re8 42. b6 Rxe6 43. b7 d5 44. Kd3 Rb6 45. Rb5 Rxb5 46. cxb5 Kh4 47. Re2 Bg3
48. Re8 Kxg4 49. b8=Q Bxb8 50. Rxb8 Kf5 51. Re8 Kf6 52. b6 Kf7 53. Re1 {Black
resigns} 1-0